 Dungeon Crawl Stone Soup version 0.29-a0-837-g174bc33265 (webtiles) character file.

Game seed: 1823735166491221533

136 Decritt the Covered (level 5, -1/33 HPs)
             Began as a Gargoyle Fighter on July 13, 2022.
             Slain by a goblin
             ... wielding a +0 dagger
             ... led by Robin
              (2 damage)
             ... on level 3 of the Dungeon.
             The game lasted 00:03:41 (1917 turns).

Decritt the Covered (Gargoyle Fighter)              Turns: 1917, Time: 00:03:41

Health: -1/33      AC: 11    Str: 22    XL:     5   Next: 19%
Magic:  5/5        EV:  9    Int:  8    God:
Gold:   88         SH:  4    Dex:  9    Spells: 4/4 levels left

rFire   + . .      SeeInvis .   l - +3 whip (elec)
rCold   . . .      Faith    .   c - +0 buckler
rNeg    + . .      Spirit   .   b - +0 scale mail
rPois   ∞          Reflect  .   (no helmet)
rElec   +          Harm     .   (no cloak)
rCorr   .          Rampage  .   (no gloves)
Will    .....                   (no boots)
Stlth   ..........              (no amulet)
HPRegen 0.11/turn               e - ring of protection from fire
MPRegen 0.09/turn               (no ring)

@: no status effects
A: sickness immunity, AC +4, negative energy resistance 1, electricity
resistance, torment resistance 1, petrification resistance
a: no special abilities


You were on level 3 of the Dungeon.
You visited 1 branch of the dungeon, and saw 3 of its levels.

You collected 88 gold pieces.

Inventory:

Hand Weapons
 a - a +0 flail
 g - the +7 short sword "Unlianuk" {flame, rPois Str-2 Int+4 Stlth+}
   (You found it on level 3 of the Dungeon)

   It burns those it strikes, dealing additional fire damage.
   Str:       It affects your strength (-2).
   Int:       It affects your intelligence (+4).
   rPois:     It protects you from poison.
   Stlth:     It makes you more stealthy.
 l - a +3 whip of electrocution (weapon)
Armour
 b - a +0 scale mail (worn)
 c - a +0 buckler (worn)
Jewellery
 e - a ring of protection from fire (left hand)
 m - a ring of magical power
 n - a ring of magical power
 o - a ring of ice
Scrolls
 f - 2 scrolls of identify {unknown}
 i - a scroll of amnesia {unknown}
 p - a scroll of noise {unknown}
Potions
 d - 2 potions of might
 h - a potion of invisibility {unknown}
 j - a potion of haste {unknown}
 k - a potion of degeneration {unknown}
 q - a potion of attraction {unknown}
 r - a potion of curing {unknown}


   Skills:
 + Level 4.2 Fighting
 + Level 3.1 Maces & Flails
 + Level 4.2 Armour
 + Level 4.2 Shields


You had 4 spell levels left.
You didn't know any spells.
Your spell library contained the following spells:

 Spells                   Type           Power      Damage    Failure   Level
 Stone Arrow              Conj/Erth      0%         3d7       99%         3
 Animate Armour           Summ/Erth      0%         N/A       100%        4
 Lehudib's Crystal Spear  Conj/Erth      0%         10d2      100%        8


Dungeon Overview and Level Annotations

Branches:
Dungeon (3/15)

Altars:

Shops:
D:3 =


Innate Abilities, Weirdness & Mutations

You are immune to sickness and miasma.
Your stone body is resilient. (AC +4)
You are immune to poison.
You resist negative energy. (rN+)
You are resistant to electric shocks. (rElec)
You are resistant to unholy torment.
You are immune to petrification.


Message History

The goblin hits you with a +0 club.
* * * LOW HITPOINT WARNING * * *
The goblin closely misses you.
You are too injured to fight recklessly!
You are too injured to fight recklessly!
You are too injured to fight recklessly!
You are too injured to fight recklessly!
You are too injured to fight recklessly!
You hit the goblin.
You kill the goblin!
The goblin no longer looks unusually strong.
The goblin hits you but does no damage. x3
You hit the goblin. Lightning courses through the goblin!
You kill the goblin!
You block the goblin's attack. The goblin closely misses you.
The goblin barely misses you. The goblin hits you with a +0 club.
* * * LOW HITPOINT WARNING * * *
You closely miss the goblin.
The goblin no longer looks unusually strong.
The goblin hits you but does no damage. The goblin barely misses you.
The goblin hits you but does no damage. You block the goblin's attack.
The goblin closely misses you.
You hit the goblin.
You kill the goblin!
The goblin no longer looks unusually strong. x2
The goblin hits you but does no damage. The goblin barely misses you. x2
The goblin closely misses you.
You hit the goblin.
You kill the goblin!
The goblin hits you but does no damage. The rat barely misses you.
The goblin hits you but does no damage. The goblin hits you with a +0 club.
* * * LOW HITPOINT WARNING * * *
You whack the goblin!
You kill the goblin!
The goblin closely misses you. The goblin barely misses you.
The rat barely misses you.
You hit the goblin.
The goblin is severely wounded.
You block the goblin's attack. The goblin hits you with a +0 dagger.
You die...

#. #. #.##. #..#. .# #...#
.# # +### #...# .# #.
.....##..g# .#
>#.##.#..###.g## .#
....#.#....##r@##.#
#......#.#...g))..#
##........##..##.##
...............#?#
..........#....#.##
..........#.......#
..........###..#..######.#
.........)###............#
.....)...)).#........####


You could see 3 goblins and a rat.

Vanquished Creatures
  Terence (D:2)
  Robin (D:3)
  5 gnolls (D:3)
  6 ball pythons
  2 bats
  5 endoplasms
  A giant cockroach (D:1)
  13 goblins
  5 hobgoblins (D:1)
  2 quokkas (D:1)
  2 frilled lizards (D:1)
  3 kobolds
  4 rats
50 creatures vanquished.

Vanquished Creatures (others)
  2 fungi (D:3)
2 creatures vanquished.

Grand Total: 52 creatures vanquished

Notes
Turn   | Place    | Note
-------+----------+-------------------------------------------
     0 | D:1      | Decritt the Gargoyle Fighter began the quest for the Orb.
     0 | D:1      | Reached XP level 1. HP: 14/14 MP: 1/1
   134 | D:1      | Reached XP level 2. HP: 6/19 MP: 2/2
   838 | D:1      | Reached XP level 3. HP: 23/23 MP: 3/3
   925 | D:1      | Found a faded altar of an unknown god.
  1256 | D:2      | Noticed Terence
  1270 | D:2      | Killed Terence
  1271 | D:2      | Reached XP level 4. HP: 26/29 MP: 4/4
  1569 | D:3      | Identified the +7 short sword "Unlianuk" {flame, rPois
                  | Str-2 Int+4 Stlth+}
  1579 | D:3      | Found Lextaring's Jewellery Emporium.
  1890 | D:3      | Noticed Robin
  1893 | D:3      | Reached XP level 5. HP: 30/33 MP: 5/5
  1910 | D:3      | Killed Robin
  1915 | D:3      | HP: 1/33 [goblin/+0 club[Robin] (4)]
  1917 | D:3      | Slain by a goblin

Illustrated notes

Levels and vault maps discovered:
D:1:      nicolae_arrival_washed_ashore, layout_loops_ring,
          hellmonk_ecumenical_altar_blasted
D:2:      layout_basic, basic_altar, uniq_natasha, uniq_terence
D:3:      minmay_roachtagon, layout_rooms, mainiacjoe_overflow_boulevard,
          gammafunk_temple_overflow_statue, serial_shops,
          nicolae_shop_statue_plus, uniq_robin, uniq_ijyb

Skill      XL: |  1  2  3  4 |
---------------+-------------+-----
Armour         | 4 |  4.2
Fighting       | 4 |  4.2
Shields        | 4 |  4.2
Maces & Flails | 3 |  3.1

Action                   |  1- 3 |  4- 6 || total
-------------------------+-------+-------++-------
Melee: Flail             |    81 |     8 ||    89
       Whip              |       |    40 ||    40
       Short sword       |       |     1 ||     1
Throw: Dart              |    11 |     1 ||    12
Armor: Scale mail        |    55 |    47 ||   102
Dodge: Dodged            |    45 |    56 ||   101
Block: Buckler           |    18 |    21 ||    39

Table legend: (Time is in decaauts)
 A = Elapsed time spent in this place.
 B = Non-inter-level travel time spent in this place.
 C = Inter-level travel time spent in this place.
 D = Time resting spent in this place.
 E = Time spent auto-exploring this place.
 F = Levels seen in this place.
 G = Mean time per level.
                   A        B        C        D        E       F      G
               +--------+--------+--------+--------+--------+-----+--------+
         Total |   1943 |   1906 |     37 |    445 |   1056 |   3 |  647.7 |
       Dungeon |   1943 |   1906 |     37 |    445 |   1056 |   3 |  647.7 |
               +--------+--------+--------+--------+--------+-----+--------+

Top non-repeatable levels by time:
     D:1: 1139 daAuts
     D:3: 570 daAuts
     D:2: 233 daAuts
